 Dungeon Crawl Stone Soup version 0.29-a0-330-g52719c12eb (webtiles) character file.

Game seed: 9785798566598812312

7 brightshaft the Ducker (level 2, -1/23 HPs)
             Began as a Merfolk Gladiator on Apr 12, 2022.
             Slain by a ball python (2 damage)
             ... on level 1 of the Dungeon.
             The game lasted 00:00:51 (88 turns).

brightshaft the Ducker (Merfolk Gladiator)            Turns: 88, Time: 00:00:51

Health: -1/23      AC:  4    Str: 14    XL:     2   Next: 4%
Magic:  2/2        EV: 13    Int:  7    God:
Gold:   15         SH:  0    Dex: 15    Spells: 1/1 levels left

rFire   . . .      SeeInvis .   a - +0 long sword
rCold   . . .      Faith    .   (no shield)
rNeg    . . .      Spirit   .   b - +0 leather armour
rPois   .          Reflect  .   c - +0 helmet
rElec   .          Harm     .   (no cloak)
rCorr   .          Rampage  .   (no gloves)
Will    .....                   (no boots)
Stlth   +.........              (no amulet)
HPRegen 0.07/turn               (no ring)
MPRegen 0.08/turn               (no ring)

@: no status effects
A: (nimble swimmer 2), mertail
a: no special abilities


You were on level 1 of the Dungeon.
You visited 1 branch of the dungeon, and saw 1 of its levels.

You collected 15 gold pieces.

Inventory:

Hand Weapons
 a - a +0 long sword (weapon)
Missiles
 d - 3 throwing nets (quivered)
 e - a javelin
Armour
 b - a +0 leather armour (worn)
 c - a +0 helmet (worn)
Scrolls
 g - a scroll of identify {unknown}
Potions
 f - a potion of degeneration {unknown}
 h - a potion of flight {unknown}


   Skills:
 + Level 2.3 Fighting
 * Level 4.0 Long Blades
 - Level 2.0 Throwing
 + Level 4.1 Dodging


You had one spell level left.
You didn't know any spells.
Your spell library contained the following spells:

 Spells                   Type           Power      Damage    Failure   Level
 Alistair's Intoxication  Tmut/Pois      0%         N/A       100%        5
 Storm Form               Tmut/Air       0%         N/A       100%        7


Dungeon Overview and Level Annotations

Branches:
Dungeon (1/15)

Altars:


Innate Abilities, Weirdness & Mutations

((You are very nimble when in or above water. (Stealth+, EV+, Speed+++)))
Your lower body shifts to a powerful aquatic tail in water.


Message History

The ball python closely misses you. The ball python barely misses you.
The ball python completely misses you. The ball python grabs you.
The ball python constricts you.
You escape the ball python's grasp.
The rat attacks as you move away! The rat misses you.
You see here a ball python corpse.
You barely miss the rat. The rat bites you.
You barely miss the rat.
The ball python hisses angrily.
The rat barely misses you.
You closely miss the rat. The rat closely misses you.
You slash the rat!
You kill the rat!
You slash the ball python!
You kill the ball python!
You hit the ball python.
You kill the ball python!
You hit the frilled lizard.
You kill the frilled lizard!
The rat bites you but does no damage. The kobold barely misses you.
You see here a ball python corpse.
You completely miss the rat. The rat bites you but does no damage.
The kobold barely misses you.
You completely miss the rat. The rat misses you.
The kobold hits you from afar with a +0 spear.
* * * LOW HITPOINT WARNING * * *
You hit the rat.
You kill the rat!
The kobold barely misses you. The kobold hits you but does no damage.
The rat misses you.
Your Long Blades skill increases to level 4!
You have reached level 2!
You hit the rat.
You kill the rat!
The kobold barely misses you.
You barely miss the ball python. The ball python bites you.
* * * LOW HITPOINT WARNING * * *
The ball python barely misses you. The kobold hits you but does no damage.
The ball python bites you.
You die...

...............####......
(................#....=# .
.................#....# ..
.................#....#)..
...............###J.....))
..[..[........# #...#
.........##### #.J.##
###......#######Kl..##..
#####......†@SJg.....#
#############.#... .# =# #
.


You could see 2 endoplasms, a goblin, a ball python, a kobold and a frilled
lizard.

Vanquished Creatures
  A goblin (D:1)
  3 ball pythons (D:1)
  A frilled lizard (D:1)
  4 rats (D:1)
9 creatures vanquished.

Notes
Turn   | Place    | Note
-------+----------+-------------------------------------------
     0 | D:1      | brightshaft the Merfolk Gladiator began the quest for the
                  | Orb.
     0 | D:1      | Reached XP level 1. HP: 16/16 MP: 1/1
    32 | D:1      | Got the Collected Works on Transformation
    87 | D:1      | Reached XP level 2. HP: 4/23 MP: 2/2
    88 | D:1      | HP: 1/23 [ball python (3)]
    88 | D:1      | Slain by a ball python

Illustrated notes

Levels and vault maps discovered:
D:1:      lemuel_arrival_lava_pool, layout_basic, serial_bayou,
          serial_bayou_lagoon_a, serial_bayou_ford_a, serial_bayou_pond_e,
          serial_bayou_pond_a, minmay_pentomino_w4

Skill      XL: |  1 |
---------------+----+-----
Long Blades    | 4 |  4.0
Fighting       | |  2.3
Throwing       | |  2.0
Dodging        | |  4.1

Action                   || total
-------------------------++-------
Melee: Long sword        ||    21
Armor: Leather armour    ||    13
Dodge: Dodged            ||    18

Table legend: (Time is in decaauts)
 A = Elapsed time spent in this place.
 B = Non-inter-level travel time spent in this place.
 C = Inter-level travel time spent in this place.
 D = Time resting spent in this place.
 E = Time spent auto-exploring this place.
 F = Levels seen in this place.
 G = Mean time per level.
                   A        B        C        D        E       F      G
               +--------+--------+--------+--------+--------+-----+--------+
         Total |     92 |     92 |      0 |      0 |     41 |   1 |   92.0 |
       Dungeon |     92 |     92 |      0 |      0 |     41 |   1 |   92.0 |
               +--------+--------+--------+--------+--------+-----+--------+

Top non-repeatable levels by time:
     D:1: 92 daAuts
